[Event "Titled Tuesday Blitz April 12 Late 2022"]
[White "Pakleza, Zbigniew"]
[Black "O`Gorman, Tom"]
[WhiteFideId "1119290"]
[BlackFideId "2508249"]
[WhiteElo "2467"]
[BlackElo "2247"]
[Result "1-0"]
[Round "09"]
[TimeControl "180+1"]
[Date "2022.04.12"]
[WhiteClock "0:00:10"]
[BlackClock "0:00:26"]

1. Nf3 g6 2. d4 Bg7 3. c4 Nf6 4. Nc3 d6 5. Bg5 O-O 6. e3 Nbd7 7. Be2 e5 8. O-O c6 9. h3 Qe7 10. Rc1 Rd8 11. Bh4 h6 12. Re1 Nf8 13. Bg3 Nh5 14. Bh2 f5 15. b4 Nf6 16. Qb3 e4 17. Nd2 Kh7 18. a4 g5 19. Bf1 Ng6 20. a5 d5 21. b5 a6 22. bxc6 bxc6 23. Na4 Be6 24. Nc5 f4 25. Qb7 Qe8 26. Nxe6 Qxe6 27. cxd5 cxd5 28. Rc6 Qf5 29. Qf7 Rd7 30. Qe6 Qxe6 31. Rxe6 Rc7 32. Nb3 Nd7 33. Rc1 Rxc1 34. Nxc1 Rc8 35. Ne2 Rc2 36. Rxa6 Ra2 37. Ra7 Nb8 38. Nc3 Ra1 39. Nxd5 Nc6 40. Nf6+ Kh8 41. Ra8+ Nf8 42. Nxe4 fxe3 43. fxe3 Rxa5 44. Rxa5 Nxa5 45. Ng3 Nc4 46. Kf2 Ne6 47. Bxc4 1-0


[Site "https://www.chess.com"]

[Event "Titled Tuesday Blitz April 12 Late 2022"]
[White "Paravyan, David"]
[Black "Xu, Yi"]
[WhiteFideId "4194985"]
[BlackFideId "8605564"]
[WhiteElo "2569"]
[BlackElo "2471"]
[Result "1/2-1/2"]
[Round "09"]
[TimeControl "180+1"]
[Date "2022.04.12"]
[WhiteClock "0:00:14"]
[BlackClock "0:00:09"]

1. e4 c5 2. Nf3 d6 3. d4 cxd4 4. Nxd4 Nf6 5. Nc3 a6 6. Bg5 e6 7. f4 Qb6 8. Qd2 Qxb2 9. Rb1 Qa3 10. f5 Nc6 11. fxe6 Bxe6 12. Rxb7 Nxd4 13. Qxd4 Be7 14. Bc4 h6 15. Bd2 Rc8 16. Bxe6 fxe6 17. O-O d5 18. Kh1 O-O 19. Rb3 Nxe4 20. Rxf8+ Rxf8 21. g3 Qc5 22. Be3 Qxd4 23. Bxd4 Nxc3 24. Rxc3 Bf6 25. Bxf6 Rxf6 26. Kg2 e5 27. Rc5 Rd6 28. Kf3 Kf7 29. c4 dxc4 30. Rxc4 Rd3+ 31. Ke4 Ra3 32. Kxe5 Ra5+ 33. Kf4 Rxa2 34. Rc7+ Kg6 35. h4 Ra4+ 36. Kf3 a5 37. Rc6+ Kh7 38. Ra6 Kg8 39. h5 Ra1 40. Kg4 a4 41. Ra8+ Kh7 42. Ra7 a3 43. Ra6 Ra2 44. Ra7 Ra1 45. Ra6 Kg8 46. Kf5 Rf1+ 47. Ke4 Ra1 48. Kf5 Kh7 49. Ra8 Ra2 50. Kf4 Ra1 51. Kf3 Ra2 52. Kg4 Ra1 53. Kf3 Ra2 54. Kf4 Rf2+ 55. Ke3 Rf5 56. g4 Rg5 57. Kf4 Rb5 58. Rxa3 Rc5 59. Kg3 Rb5 60. Rf3 Rc5 61. Kh4 Rb5 62. Kg3 Rc5 63. Kf2 Rb5 64. Kg2 Rc5 65. Kg3 Rb5 66. Rf5 Rxf5 67. gxf5 Kg8 68. Kf4 Kf7 69. Ke4 Kf6 70. Kf4 Kf7 71. Ke4 Kf6 72. Kf4 Kf7 1/2-1/2


[Site "https://www.chess.com"]

[Event "Titled Tuesday Blitz April 12 Late 2022"]
[White "Pesotskiy, Mikhail"]
[Black "Lewtak, Damian"]
[WhiteFideId "34164453"]
[BlackFideId "1141724"]
[WhiteElo "2010"]
[BlackElo "2362"]
[Result "1-0"]
[Round "09"]
[TimeControl "180+1"]
[Date "2022.04.13"]
[WhiteClock "0:00:17"]
[BlackClock "0:00:58"]

1. d4 a6 2. c4 b5 3. Nc3 bxc4 4. e4 d5 5. exd5 Nd7 6. Bxc4 Nb6 7. b3 Nf6 8. Nf3 Nfxd5 9. Nxd5 Nxd5 10. Ba3 g6 11. O-O Bg7 12. Rc1 c6 13. Ne5 Bxe5 14. dxe5 O-O 15. Qd4 Be6 16. Rfd1 Qa5 17. Qc5 Qxc5 18. Bxc5 Rfd8 19. Bxd5 Rxd5 20. Bxe7 h6 21. Bd6 g5 22. Rxd5 Bxd5 23. Rc3 a5 24. a3 Kh7 25. f3 Kg6 26. Kf2 h5 27. Ke3 Kf5 28. g3 Ra7 29. Kd4 Rb7 30. b4 a4 31. Kc5 g4 32. fxg4+ Ke4 33. Bf8 hxg4 34. Kd6 Rb8 35. Bg7 Rg8 36. Bf6 Rg6 37. Rxc6 Bxc6 38. Kxc6 Rh6 39. b5 Rxh2 40. b6 Rc2+ 41. Kd7 Rb2 42. Kc7 Rc2+ 43. Kb8 Rb2 44. b7 Kf3 45. Bh4 Ke4 46. Ka8 Kxe5 47. b8=Q+ Rxb8+ 48. Kxb8 f5 49. Bg5 Kd5 50. Bf4 Kc4 51. Kb7 Kb3 52. Bd6 f4 53. gxf4 g3 54. f5 g2 55. Bh2 Kc4 56. f6 Kb3 57. f7 Kxa3 58. f8=Q+ Kb2 59. Qf2+ 1-0


[Site "https://www.chess.com"]

[Event "Titled Tuesday Blitz April 12 Late 2022"]
[White "Pinheiro, Iung Alicio de O."]
[Black "Petrovskyi, Vadym"]
[WhiteFideId "2104350"]
[BlackFideId "14165210"]
[WhiteElo "2555"]
[BlackElo "2400"]
[Result "1-0"]
[Round "09"]
[TimeControl "180+1"]
[Date "2022.04.12"]
[WhiteClock "0:00:19"]
[BlackClock "0:00:21"]

1. c4 Nf6 2. g3 g6 3. Bg2 Bg7 4. Nc3 O-O 5. d3 d6 6. Bg5 c5 7. Qd2 Nc6 8. Nf3 Rb8 9. Rb1 a6 10. a3 b5 11. cxb5 axb5 12. b4 cxb4 13. axb4 d5 14. Bf4 Rb7 15. Ne5 Bd7 16. Nxd5 Nxd5 17. Bxd5 Nxe5 18. Bxb7 Qc7 19. Bg2 g5 20. Bxe5 Qxe5 21. O-O h5 22. d4 Qd6 23. Qxg5 Rc8 24. e3 Be6 25. Qxh5 Bc4 26. Rfd1 Rc7 27. Qg5 Ra7 28. h4 Ra4 29. Qc5 Qd8 30. d5 Be5 31. Bf1 Bd6 32. Qd4 Qc7 33. Rdc1 Bxg3 34. Qg4+ Kf8 35. Qxg3 e5 36. dxe6 Qe7 37. Bxc4 bxc4 38. Rxc4 Ra8 39. Rg4 Qf6 40. Rg8+ Ke7 41. Rxa8 Qf5 42. Qc7+ Kxe6 43. Qc8+ Kd5 44. Ra5+ Ke4 45. Qxf5# 1-0


[Site "https://www.chess.com"]

[Event "Titled Tuesday Blitz April 12 Late 2022"]
[White "Plazuelo Pascual, Juan"]
[Black "Maksimovic, Bojan"]
[WhiteFideId "32059566"]
[BlackFideId "14408120"]
[WhiteElo "2359"]
[BlackElo "2448"]
[Result "1/2-1/2"]
[Round "09"]
[TimeControl "180+1"]
[Date "2022.04.12"]
[WhiteClock "0:00:13"]
[BlackClock "0:00:28"]

1. d4 d5 2. c4 e5 3. dxe5 d4 4. Nf3 Nc6 5. a3 Nge7 6. Nbd2 a5 7. Nb3 Nf5 8. g4 Nh4 9. Nbxd4 Nxf3+ 10. Nxf3 Qxd1+ 11. Kxd1 Bxg4 12. Bf4 O-O-O+ 13. Kc2 Bxf3 14. exf3 Nd4+ 15. Kc3 Nxf3 16. Bh3+ Kb8 17. b4 Nd4 18. Be3 Nc6 19. bxa5 Nxa5 20. Rhd1 Be7 21. f4 b6 22. Rxd8+ Rxd8 23. Bf5 g6 24. Be4 Nb7 25. a4 Bc5 26. Re1 Bxe3 27. Rxe3 Nc5 28. Bc2 Kb7 29. Rh3 h5 30. f5 Re8 31. fxg6 fxg6 32. Bxg6 Rxe5 33. Rxh5 Re3+ 34. Kd2 Ra3 35. Bc2 Nxa4 36. Bxa4 Rxa4 37. Kc3 Ra3+ 38. Kb2 Rf3 39. h4 Rh3 40. Rh6 Ka6 41. Rc6 Kb7 42. Rh6 c5 43. h5 Ka6 44. Kc2 Ka5 45. Kb2 Kb4 46. Rxb6+ Kxc4 47. h6 Rh2+ 48. Ka3 Kc3 49. Rc6 c4 50. Ka4 Kd3 51. Kb4 Rb2+ 52. Ka3 Rb7 53. Rd6+ Kc2 54. Rg6 c3 55. Rg2+ Kd3 56. Rg3+ Kd4 57. Rg4+ Kd5 58. Rg3 Kc4 59. Rg4+ Kd3 60. Rg3+ Kd2 61. Rg2+ Ke1 62. Rg1+ Ke2 63. Rg2+ Ke3 64. Rg3+ Kd4 65. Rg2 Rh7 66. Kb3 Rxh6 67. Rg4+ Kd3 68. Rg3+ Kd2 69. Rg2+ Ke3 70. Kxc3 Rc6+ 71. Kb3 Rb6+ 72. Kc3 Rb8 73. Rg3+ Kf4 74. Rg1 Rc8+ 75. Kd2 Kf3 76. Rc1 Rd8+ 77. Kc2 Ke3 78. Rd1 Rc8+ 79. Kb2 Rc7 80. Rd6 Ke4 81. Rd8 Ke5 82. Rd1 Rb7+ 83. Kc2 Rc7+ 84. Kb2 Ke4 85. Rd2 Rc6 86. Rd8 Ke3 87. Rd7 Ke2 88. Rd8 Rc5 89. Rd7 Rg5 90. Rd8 Ke3 91. Rd7 Ke4 92. Rd8 Rg2+ 93. Kc3 Ke5 94. Rd7 Rg3+ 95. Rd3 Rg4 96. Rd1 Rg5 97. Rd2 Ke6 98. Rd3 Rc5+ 99. Kd4 Rd5+ 100. Kc3 Re5 101. Kd4 Ra5 102. Kc3 Ke5 103. Rd1 Ra3+ 104. Kb2 Rh3 105. Kc2 Ke4 106. Rd8 Rh2+ 107. Kc3 Rh7 108. Rd6 Ke5 109. Rd1 Rc7+ 110. Kd3 Kd5 111. Rh1 Ra7 112. Rh5+ Kc6 113. Rh6+ Kb5 114. Rh5+ Kb4 115. Rh4+ Kb3 116. Rh6 Rd7+ 117. Ke4 Kc4 118. Rc6+ Kb5 119. Rh6 Rd1 120. Ke3 1/2-1/2


[Site "https://www.chess.com"]

[Event "Titled Tuesday Blitz April 12 Late 2022"]
[White "Pranav, V"]
[Black "Przybylski, Wojciech"]
[WhiteFideId "25060783"]
[BlackFideId "1117599"]
[WhiteElo "2349"]
[BlackElo "2133"]
[Result "1-0"]
[Round "09"]
[TimeControl "180+1"]
[Date "2022.04.12"]
[WhiteClock "0:00:16"]
[BlackClock "0:00:15"]

1. e4 e5 2. Nf3 Nc6 3. Nc3 Nf6 4. g3 Be7 5. Bg2 O-O 6. O-O d6 7. d3 Re8 8. h3 h6 9. Nh4 Bf8 10. Be3 Be6 11. Qd2 d5 12. exd5 Nxd5 13. Rae1 Qd7 14. Kh2 Nxe3 15. fxe3 f5 16. Qf2 Ne7 17. e4 f4 18. gxf4 exf4 19. d4 g5 20. Nf3 Bg7 21. d5 Bf7 22. Nd4 Be5 23. Nf3 Ng6 24. Rd1 a6 25. Ne2 Bd6 26. Nc3 Re7 27. Rfe1 Rae8 28. Kh1 Ne5 29. Nd4 Bh5 30. Nf5 Rh7 31. Rg1 Bg6 32. Nd4 Rg7 33. Ne6 Rxe6 34. dxe6 Qxe6 35. Nd5 Bh5 36. Rd2 f3 37. Bf1 Kh7 38. Ne3 Rf7 39. Nf5 Bf8 40. Rd8 Bg6 41. Ng3 Nc6 42. Rd5 Bd6 43. Rd1 Ne7 44. b3 Rf4 45. Rd3 Qe5 46. Rxf3 Bxe4 47. Bd3 Rxf3 48. Qxf3 Bxd3 49. Qxd3+ Kg7 50. Qe2 Qxe2 51. Nxe2 Nf5 52. Rd1 Ne3 53. Rd2 Kf6 54. Nc3 Ke5 55. Re2 Bc5 56. Na4 Ba7 57. Nb2 Kf4 58. Nd3+ Kf3 59. Rf2+ Ke4 60. Rf7 Kd4 61. Rxc7 Bb8 62. Rxb7 Bg3 63. Rd7+ Kc3 64. Nc1 Nxc2 65. Ne2+ Kb2 66. Nxg3 Nb4 67. Nf5 Kxa2 68. Nxh6 Kxb3 69. Nf5 a5 70. Nd4+ Kc4 71. Ne2 a4 72. Rc7+ Kb5 73. Nc3+ Kb6 74. Rc4 Ka5 75. Rc5+ Kb6 76. Rb5+ Kc6 77. Rxb4 a3 78. Ra4 Kc5 79. Rxa3 Kc4 80. Ra4+ Kd3 81. Rg4 Ke3 82. Rxg5 Kf3 83. Rg4 Kf2 84. Nb5 Kf3 85. Nc7 Ke3 86. Na8 Kf3 87. Rg2 Ke3 88. h4 Kf4 89. h5 Kf3 90. h6 1-0


[Site "https://www.chess.com"]

[Event "Titled Tuesday Blitz April 12 Late 2022"]
[White "Renjith, Sravan"]
[Black "Papp, Levente"]
[WhiteFideId "4306783"]
[BlackFideId "751243"]
[WhiteElo "1863"]
[BlackElo "2308"]
[Result "0-1"]
[Round "09"]
[TimeControl "180+1"]
[Date "2022.04.13"]
[WhiteClock "0:00:02"]
[BlackClock "0:00:22"]

1. d4 e6 2. e4 d5 3. exd5 exd5 4. Nf3 Nf6 5. Bd3 c5 6. O-O c4 7. Re1+ Be7 8. Bf1 O-O 9. Ne5 Nc6 10. Nxc6 bxc6 11. b3 cxb3 12. axb3 Re8 13. Bf4 Bf5 14. Bd3 Qd7 15. Be5 Ng4 16. h3 Nxe5 17. dxe5 Bc5 18. Ra6 Bb6 19. Qf3 Bxd3 20. Qxd3 f6 21. Qg3 Rxe5 22. Rxe5 fxe5 23. Qxe5 Rf8 24. Nd2 Bxf2+ 25. Kh2 Bb6 26. Qe2 Re8 27. Qf3 Qd6+ 28. Kh1 Qb4 29. Nf1 Rf8 30. Qe2 Qf4 31. Nd2 Qd4 32. Nf3 Rxf3 33. Qe6+ Rf7 34. Qe8+ Rf8 35. Qe6+ Kh8 0-1


[Site "https://www.chess.com"]

[Event "Titled Tuesday Blitz April 12 Late 2022"]
[White "Reprintsev, Alexander"]
[Black "Grave, Jacob Templen"]
[WhiteFideId "14100541"]
[BlackFideId "1542656"]
[WhiteElo "2108"]
[BlackElo "1737"]
[Result "1-0"]
[Round "09"]
[TimeControl "180+1"]
[Date "2022.04.13"]
[WhiteClock "0:01:01"]
[BlackClock "0:00:02"]

1. e4 e5 2. f4 d5 3. exd5 exf4 4. Nf3 Nf6 5. Bb5+ Bd7 6. Bxd7+ Nbxd7 7. O-O Be7 8. c4 O-O 9. d4 b5 10. b3 Nb6 11. Qd3 bxc4 12. bxc4 c6 13. dxc6 Rc8 14. Bxf4 Rxc6 15. Nbd2 Qc8 16. Rac1 Rd8 17. Ne5 Rxd4 18. Nxc6 Qxc6 19. Qxd4 Bc5 20. Be3 Bxd4 21. Bxd4 h5 22. Bxf6 gxf6 23. c5 Nd7 24. Nb3 Ne5 25. Rfd1 h4 26. h3 Qe4 27. Re1 Qf4 28. Rxe5 Qxe5 29. c6 Qe3+ 30. Kh1 Qe8 31. c7 Qc8 32. Nd4 Kf8 33. Nb5 Ke7 34. Nxa7 1-0


[Site "https://www.chess.com"]

[Event "Titled Tuesday Blitz April 12 Late 2022"]
[White "Rozman, Levy"]
[Black "Alekseenko, Kirill"]
[WhiteFideId "2039877"]
[BlackFideId "4135539"]
[WhiteElo "2376"]
[BlackElo "2682"]
[Result "1-0"]
[Round "09"]
[TimeControl "180+1"]
[Date "2022.04.12"]
[WhiteClock "0:00:03"]
[BlackClock "0:00:17"]

1. d4 d5 2. c4 dxc4 3. Nf3 a6 4. e4 b5 5. a4 Bb7 6. Nc3 b4 7. Bxc4 e6 8. Qb3 Nc6 9. a5 bxc3 10. Qxb7 Nb4 11. O-O Rb8 12. Qa7 cxb2 13. Bxb2 Nf6 14. d5 exd5 15. Bxf6 gxf6 16. exd5 Bd6 17. Rfe1+ Kf8 18. Qe3 Kg7 19. Nd4 Rg8 20. Nf5+ Kh8 21. Rac1 Rg5 22. Bd3 Nxd5 23. Qf3 Nf4 24. g3 Be5 25. Be4 Rb2 26. Rc2 Rxc2 27. Bxc2 Qd2 28. Rd1 Qb4 29. Rd8+ Rg8 30. Rxg8+ Kxg8 31. Qa8+ Qf8 32. Qxf8+ Kxf8 33. gxf4 Bxf4 34. Bd3 Bd2 35. Bxa6 Bxa5 36. f3 c5 37. Bc4 Bc7 38. h4 Bf4 39. h5 Ke8 40. Kf2 h6 41. Ke2 Kd7 42. Bxf7 Kc6 43. Kd3 Kb5 44. Ke4 Bd2 45. f4 c4 46. Nd4+ Kb4 47. Nc6+ Kc5 48. Nd4 c3 49. Kd3 Bxf4 50. Ne6+ Kd6 51. Nxf4 Ke5 52. Ne2 f5 53. Nxc3 f4 54. Bg6 Kf6 55. Ke4 Kg5 56. Nd1 Kg4 57. Nf2+ Kg3 58. Nd3 f3 59. Ke3 Kg4 60. Nf2+ Kg3 61. Nd1 Kg2 62. Be4 1-0


[Site "https://www.chess.com"]

[Event "Titled Tuesday Blitz April 12 Late 2022"]
[White "Santos Ruiz, Miguel"]
[Black "Djokic, Mihailo"]
[WhiteFideId "22291482"]
[BlackFideId "976440"]
[WhiteElo "2486"]
[BlackElo "2202"]
[Result "1-0"]
[Round "09"]
[TimeControl "180+1"]
[Date "2022.04.12"]
[WhiteClock "0:00:35"]
[BlackClock "0:00:08"]

1. d4 Nf6 2. Nf3 g6 3. b3 Bg7 4. Bb2 O-O 5. e3 d6 6. Be2 b6 7. c4 Bb7 8. Nc3 Nbd7 9. Qc2 e5 10. O-O-O exd4 11. Nxd4 Re8 12. Bf3 Bxf3 13. gxf3 Nc5 14. h4 Qd7 15. Rdg1 h5 16. f4 Nce4 17. Nxe4 Nxe4 18. f5 c5 19. Ne6 Bxb2+ 20. Kxb2 Rxe6 21. fxe6 Qxe6 22. Kc1 Qe5 23. Qb2 Qxb2+ 24. Kxb2 Nxf2 25. Rh2 Ng4 26. Rd2 Rd8 27. e4 Re8 28. Rxd6 Rxe4 29. a4 Ne5 30. a5 Kh7 31. a6 Rxh4 32. Rxb6 Rh2+ 33. Kb1 Nf3 34. Rd1 Nd2+ 35. Kc1 Nxb3+ 36. Rxb3 1-0


[Site "https://www.chess.com"]

[Event "Titled Tuesday Blitz April 12 Late 2022"]
[White "Sellitti, Federico"]
[Black "Guzman Moneo, Alberto"]
[WhiteFideId "821829"]
[BlackFideId "2209616"]
[WhiteElo "2529"]
[BlackElo "2157"]
[Result "1-0"]
[Round "09"]
[TimeControl "180+1"]
[Date "2022.04.13"]
[WhiteClock "0:00:25"]
[BlackClock "0:00:01"]

1. e4 c5 2. Nc3 Nc6 3. g3 Rb8 4. Bg2 b5 5. d3 b4 6. Nce2 g6 7. Be3 d6 8. Qd2 Bg7 9. Rb1 Qa5 10. Nf3 Qxa2 11. O-O Qa5 12. d4 Nf6 13. dxc5 Nxe4 14. Qd5 Nf6 15. Qxc6+ Bd7 16. Ra1 Qxa1 17. Qxd7+ Nxd7 18. Rxa1 Nxc5 19. Rxa7 Bxb2 20. Nfd4 O-O 21. Nc6 Bf6 22. Nxb8 Rxb8 23. Bxc5 dxc5 24. Ra8 Rxa8 25. Bxa8 e6 26. Bc6 c4 27. Ba4 Kf8 28. f3 Ke7 29. Kf2 Kd6 30. Ke3 Kc5 31. Kd2 Kb6 32. Be8 b3 33. cxb3 cxb3 34. Nc3 b2 35. Nb1 1-0


[Site "https://www.chess.com"]

[Event "Titled Tuesday Blitz April 12 Late 2022"]
[White "Senthilkumar, Pranav"]
[Black "Ozates, Tuna"]
[WhiteFideId "2083477"]
[BlackFideId "6354521"]
[WhiteElo "2393"]
[BlackElo "1887"]
[Result "1-0"]
[Round "09"]
[TimeControl "180+1"]
[Date "2022.04.13"]
[WhiteClock "0:00:05"]
[BlackClock "0:00:06"]

1. Nf3 c5 2. e4 Nc6 3. d4 cxd4 4. Nxd4 e5 5. Nb5 d6 6. N1c3 a6 7. Na3 Be7 8. Nd5 Nf6 9. Bd3 Nxd5 10. exd5 Nb8 11. O-O O-O 12. f4 f5 13. fxe5 dxe5 14. Bc4 Bc5+ 15. Kh1 b5 16. d6+ Kh8 17. Qd5 Nd7 18. Qxa8 bxc4 19. Nxc4 f4 20. Qd5 Rf5 21. a3 Qh4 22. Be3 Rh5 23. h3 Bxe3 24. Nxe3 Nf6 25. Qf7 Bxh3 26. Qf8+ Ng8 27. Kg1 fxe3 28. Qf3 Bg4 29. Qxe3 Qh2+ 30. Kf2 Rf5+ 31. Ke1 Qxg2 32. Rxf5 Bxf5 33. Qf2 Qe4+ 34. Kf1 Qh1+ 35. Ke2 Qxa1 36. Qxf5 Qh1 37. Qd3 Qa8 38. d7 Qd8 39. Qd6 Nf6 40. Qxa6 Qxd7 41. Qa8+ Ne8 42. c4 h5 43. c5 h4 44. c6 Qg4+ 45. Kd2 Qd4+ 46. Kc2 Qc4+ 47. Kd2 Qd4+ 48. Kc2 Qc5+ 49. Kd2 Qe7 50. c7 Qd7+ 51. Ke2 Qb5+ 52. Ke3 Qb6+ 53. Ke2 Qxb2+ 54. Kf3 Qc3+ 55. Kg4 Qg3+ 56. Kf5 Qg5+ 57. Kxg5 1-0


[Site "https://www.chess.com"]

[Event "Titled Tuesday Blitz April 12 Late 2022"]
[White "Sernecki, Franciszek"]
[Black "Quintiliano Pinto, Renato R."]
[WhiteFideId "1169297"]
[BlackFideId "2117568"]
[WhiteElo "2165"]
[BlackElo "2439"]
[Result "0-1"]
[Round "09"]
[TimeControl "180+1"]
[Date "2022.04.12"]
[WhiteClock "0:00:03"]
[BlackClock "0:00:11"]

1. d4 Nf6 2. c4 e6 3. Nf3 b6 4. g3 Bb7 5. Bg2 Bb4+ 6. Bd2 a5 7. O-O O-O 8. Bf4 Be7 9. Nc3 Ne4 10. Nb5 Na6 11. Nd2 Nxd2 12. Qxd2 Bxg2 13. Kxg2 d6 14. e4 Qd7 15. Nc3 Rfe8 16. d5 Bf8 17. Rfe1 Nc5 18. Be3 exd5 19. Bxc5 dxc5 20. Nxd5 Rad8 21. Qg5 Qc6 22. Rad1 h6 23. Qf5 Rd6 24. Rd3 g6 25. Qf3 Bg7 26. e5 Rde6 27. Rde3 Qd7 28. Nf6+ Bxf6 29. exf6 Rxe3 30. Rxe3 Rxe3 31. fxe3 Qd2+ 32. Kh3 Qxb2 33. Qf4 Kh7 34. e4 Qa1 35. e5 Qe1 36. Kg2 Qe2+ 37. Kg1 Qd1+ 38. Kg2 Qc2+ 39. Kh3 g5 40. Qf3 Kg6 41. Kg4 h5+ 42. Kh3 g4+ 43. Kh4 gxf3 44. g4 Qxh2# 0-1


[Site "https://www.chess.com"]

[Event "Titled Tuesday Blitz April 12 Late 2022"]
[White "Sheng, Joshua"]
[Black "Romanchuk, Viktor"]
[WhiteFideId "2057360"]
[BlackFideId "14109271"]
[WhiteElo "2142"]
[BlackElo "2242"]
[Result "1-0"]
[Round "09"]
[TimeControl "180+1"]
[Date "2022.04.12"]
[WhiteClock "0:01:24"]
[BlackClock "0:00:20"]

1. e4 e6 2. d4 d5 3. Nc3 dxe4 4. Nxe4 Nd7 5. Nf3 Ngf6 6. Nxf6+ Nxf6 7. Bd3 c5 8. O-O cxd4 9. Nxd4 Bc5 10. Nb3 Bd6 11. Re1 Qc7 12. h3 Bd7 13. a4 O-O 14. Bg5 Be5 15. c3 h6 16. Bd2 Rad8 17. Qe2 Bf4 18. Bxf4 Qxf4 19. Nd4 Bc8 20. g3 Qc7 21. Qe5 Qb6 22. Re2 Rd5 23. Qe3 Rfd8 24. Bc4 R5d6 25. a5 Qc5 26. Bb3 Qh5 27. g4 Qc5 28. Qe5 Qxe5 29. Rxe5 Nd7 30. Re2 Nc5 31. Bc2 g5 32. b4 Nd7 33. Nb5 Rc6 34. Be4 Rc4 35. Rd1 a6 36. Nd6 Rxc3 37. Nxc8 Rcxc8 38. Bxb7 Rb8 39. Bxa6 Nf6 40. Rxd8+ Rxd8 41. Bb7 Rd1+ 42. Kg2 Nd5 43. Bxd5 exd5 44. Ra2 1-0


[Site "https://www.chess.com"]

[Event "Titled Tuesday Blitz April 12 Late 2022"]
[White "Sokolovsky, Yahli"]
[Black "Wagner, Dennis"]
[WhiteFideId "2820242"]
[BlackFideId "24650684"]
[WhiteElo "1770"]
[BlackElo "2355"]
[Result "0-1"]
[Round "09"]
[TimeControl "180+1"]
[Date "2022.04.12"]
[WhiteClock "0:00:01"]
[BlackClock "0:00:15"]

1. b3 Nf6 2. Bb2 e6 3. e3 Be7 4. Nf3 O-O 5. d4 b6 6. Bd3 Bb7 7. O-O d5 8. Nbd2 c5 9. Ne5 Nc6 10. Nxc6 Bxc6 11. Nf3 Rc8 12. Ne5 Bb7 13. f4 Ne4 14. c4 f6 15. Nf3 Re8 16. Nd2 Bf8 17. Nxe4 dxe4 18. Be2 Qc7 19. Qe1 cxd4 20. exd4 a5 21. Qg3 Rcd8 22. Kh1 Rd7 23. Bh5 Red8 24. Bg4 f5 25. Be2 g6 26. Qe3 Bg7 27. Rad1 h6 28. Rd2 Kh7 29. h4 e5 30. fxe5 Bxe5 31. d5 Bxb2 32. Rxb2 Qe5 33. Rd2 Rd6 34. Qf4 Qxf4 35. Rxf4 Bc8 36. Rf1 g5 37. hxg5 hxg5 38. g3 Kg7 39. Kg1 Rh8 40. Kf2 f4 41. gxf4 gxf4 42. Rd4 f3 43. Bd1 Bf5 44. Ke3 Kf6 45. a3 Rh2 46. b4 axb4 47. axb4 Ke5 48. c5 bxc5 49. bxc5 Ra6 50. Rd3 exd3 51. d6 Re2+ 52. Bxe2 fxe2 53. Rc1 Rc6 54. Kd2 Kd4 55. Ra1 Rxc5 56. Ra4+ Rc4 57. Ra2 Rc2+ 58. Rxc2 dxc2 59. d7 Bxd7 0-1


[Site "https://www.chess.com"]

[Event "Titled Tuesday Blitz April 12 Late 2022"]
[White "Soysal, Serkan"]
[Black "Bas Mas, Jose Joaquin"]
[WhiteFideId "6349250"]
[BlackFideId "22219064"]
[WhiteElo "2440"]
[BlackElo "2212"]
[Result "1-0"]
[Round "09"]
[TimeControl "180+1"]
[Date "2022.04.13"]
[WhiteClock "0:00:55"]
[BlackClock "0:00:21"]

1. d4 f5 2. Nc3 Nf6 3. Bg5 d5 4. Bxf6 exf6 5. e3 Be6 6. Bd3 Qd7 7. Qf3 Nc6 8. a3 g6 9. Nge2 O-O-O 10. h3 Kb8 11. Nf4 Bf7 12. g4 fxg4 13. hxg4 Ne7 14. O-O-O c6 15. e4 dxe4 16. Bxe4 f5 17. gxf5 Nxf5 18. d5 c5 19. Ne6 Nd4 20. Rxd4 cxd4 21. Nxd8 Qxd8 22. Qxf7 dxc3 23. d6 Qg5+ 24. Kb1 Qb5 25. Qc7+ 1-0


[Site "https://www.chess.com"]

[Event "Titled Tuesday Blitz April 12 Late 2022"]
[White "Stanisz, Patryk"]
[Black "Ashiev, Eduard"]
[WhiteFideId "1123106"]
[BlackFideId "4130090"]
[WhiteElo "1833"]
[BlackElo "2004"]
[Result "1-0"]
[Round "09"]
[TimeControl "180+1"]
[Date "2022.04.13"]
[WhiteClock "0:00:08"]
[BlackClock "0:00:09"]

1. e4 e5 2. Nf3 Nc6 3. Bb5 Nge7 4. O-O g6 5. c3 Bg7 6. d4 exd4 7. cxd4 d5 8. exd5 Nxd5 9. Re1+ Be6 10. Nc3 O-O 11. Bg5 Qb8 12. Rc1 h6 13. Bh4 g5 14. Bg3 Nce7 15. Ne5 Qd8 16. Bd3 c6 17. h4 Nf5 18. Nxd5 cxd5 19. Bxf5 Bxf5 20. hxg5 hxg5 21. Qb3 Be6 22. Qxb7 Rb8 23. Qxa7 Rxb2 24. Nc6 Qf6 25. Qa3 Rd2 26. Qe3 Rxa2 27. Be5 Qh6 28. Ne7+ Kh8 29. Rc6 Rfa8 30. Nf5 Qh5 31. Nxg7 Qg6 32. Nxe6+ Kg8 33. Nxg5 Qf5 34. Nf3 Ra1 35. Rcc1 Rxc1 36. Rxc1 f6 37. Bg3 Kh7 38. Rc7+ Kg6 39. Nh4+ Kh5 40. Nxf5 Ra1+ 41. Kh2 1-0


[Site "https://www.chess.com"]

[Event "Titled Tuesday Blitz April 12 Late 2022"]
[White "Svane, Frederik"]
[Black "Koziorowicz, Michal"]
[WhiteFideId "12923044"]
[BlackFideId "21809194"]
[WhiteElo "2459"]
[BlackElo "2235"]
[Result "0-1"]
[Round "09"]
[TimeControl "180+1"]
[Date "2022.04.12"]
[WhiteClock "0:00:07"]
[BlackClock "0:01:38"]

1. d4 f5 2. g3 Nf6 3. Bg2 e6 4. Nf3 Be7 5. O-O O-O 6. c4 d6 7. b3 Qe8 8. Bb2 Bd8 9. Re1 Nc6 10. Nc3 e5 11. e4 f4 12. c5 fxg3 13. hxg3 Bg4 14. Nd5 Qh5 15. Ne3 exd4 16. Nxg4 Nxg4 17. cxd6 Nce5 18. Bxd4 cxd6 19. Bxe5 dxe5 20. Rc1 Bb6 21. Rc2 Rad8 22. Qc1 Rd3 23. Nh4 Rxg3 24. Rc8 Bxf2+ 25. Kf1 Nh2# 0-1


[Site "https://www.chess.com"]

[Event "Titled Tuesday Blitz April 12 Late 2022"]
[White "Svane, Rasmus"]
[Black "Holt, Conrad"]
[WhiteFideId "4657101"]
[BlackFideId "2034387"]
[WhiteElo "2645"]
[BlackElo "2586"]
[Result "1-0"]
[Round "09"]
[TimeControl "180+1"]
[Date "2022.04.12"]
[WhiteClock "0:00:40"]
[BlackClock "0:00:02"]

1. Nf3 d5 2. g3 Bg4 3. Bg2 Nd7 4. O-O e6 5. h3 Bxf3 6. Bxf3 Bd6 7. e4 c6 8. d4 dxe4 9. Bxe4 Ngf6 10. Bg2 O-O 11. Nd2 Nb6 12. c3 Qc7 13. Nf3 h6 14. a4 Rad8 15. a5 Nc4 16. Qa4 b5 17. axb6 Nxb6 18. Qxa7 Nfd5 19. Qxc7 Bxc7 20. Nd2 Ra8 21. Rxa8 Rxa8 22. Be4 Ra2 23. Bb1 Ra1 24. Bd3 Na4 25. Nb3 Ra2 26. Bb1 Rxb2 27. Bxb2 Nxb2 28. Rc1 e5 29. Be4 Kf8 30. dxe5 Bxe5 31. Nd4 Nxc3 32. Rxc3 Bxd4 33. Rxc6 Be5 34. f4 Bd4+ 35. Kg2 Nd1 36. Rd6 Ne3+ 37. Kf3 Bc5 38. Rc6 Bd4 39. Rc7 g6 40. Bb1 Bb6 41. Rb7 Bc5 42. Ba2 f5 43. Rf7+ Ke8 44. Rg7 1-0


[Site "https://www.chess.com"]

[Event "Titled Tuesday Blitz April 12 Late 2022"]
[White "Swicarz, Maciej"]
[Black "Schekachikhin, Maksim"]
[WhiteFideId "1113585"]
[BlackFideId "24177830"]
[WhiteElo "2057"]
[BlackElo "2230"]
[Result "1/2-1/2"]
[Round "09"]
[TimeControl "180+1"]
[Date "2022.04.13"]
[WhiteClock "0:00:09"]
[BlackClock "0:00:37"]

1. e4 c5 2. Nc3 a6 3. d4 cxd4 4. Qxd4 Nc6 5. Qd2 Nf6 6. b3 d5 7. exd5 Nb4 8. Bb2 Bf5 9. Rc1 Nbxd5 10. Nxd5 Qxd5 11. Qxd5 Nxd5 12. Nf3 e6 13. Nd4 Bg6 14. Bc4 Bb4+ 15. c3 Bc5 16. Bxd5 exd5 17. O-O O-O 18. Rfd1 Rfe8 19. Kf1 h5 20. a4 h4 21. h3 Be4 22. Ra1 g5 23. Ba3 Bb6 24. Bd6 Rac8 25. Rac1 Kh7 26. b4 Kg6 27. a5 Bc7 28. Bxc7 Rxc7 29. f3 Bf5 30. Nxf5 Kxf5 31. Rxd5+ Re5 32. Rxe5+ Kxe5 33. Ke2 f5 34. Ke3 Rc4 35. Kd3 Kd5 36. Re1 Rc7 37. Re8 Rg7 38. c4+ Kd6 39. Kd4 g4 40. fxg4 fxg4 41. Re4 gxh3 42. gxh3 Rh7 43. Rg4 Kc6 44. Rg6+ Kc7 45. Rg5 b6 46. axb6+ Kxb6 47. Rg6+ Kb7 48. Rg5 Rd7+ 49. Rd5 Rh7 50. Ke4 Rc7 51. Kd4 Rh7 52. Rg5 Kc7 53. c5 Kc6 54. Kc4 Rf7 55. Rg4 Rh7 56. Rg6+ Kb7 57. Rg4 Kc6 58. Kb3 Kb5 59. Rg6 Rb7 60. Rh6 a5 61. Rxh4 Rf7 62. bxa5 Rf3+ 63. Kc2 Kxa5 64. Kd2 Kb5 65. Rh5 Kc6 66. Ke2 Rc3 67. h4 Rh3 68. Kf2 Rc3 69. Kg2 Rc2+ 70. Kg3 Rc3+ 71. Kf4 Rc4+ 72. Kg5 Rxc5+ 73. Kg6 Rc4 74. Kg5 Kd6 75. Rh7 Ke6 76. h5 Rc1 77. Kh6 Kf6 78. Rh8 Rg1 79. Rf8+ Ke7 80. Rf2 Rg3 81. Rf5 Rg1 82. Rg5 Rxg5 83. Kxg5 Kf7 84. Kh6 Kg8 85. Kg6 Kh8 86. Kf5 Kh7 87. h6 Kxh6 1/2-1/2


[Site "https://www.chess.com"]